 Dungeon Crawl Stone Soup version 0.21-a0-274-gc1afaeb (webtiles) character file.

338 Lavandula the Ruffian (level 6, 0/48 HPs)
             Began as a Ghoul Warper on Sept 19, 2017.
             Slain by a gnoll sergeant
             ... wielding a +3 trident of flaming
              (5 damage)
             ... on level 5 of the Dungeon.
             The game lasted 00:05:39 (1376 turns).

Lavandula the Ruffian (Ghoul Warper)                Turns: 1376, Time: 00:05:40

Health: 0/48       AC: 11    Str: 16    XL:     6   Next: 55%
Magic:  7/7        EV:  7    Int:  8    God:
Gold:   28         SH:  0    Dex:  9    Spells: 4/8 levels left

rFire    . . .     SeeInvis .     - Unarmed
rCold    + + .     Gourm    .   (no shield)
rNeg     + + +     Faith    .   p - +1 chain mail {rC+}
rPois    ∞         Spirit   .   n - +1 helmet
rElec    .         Reflect  .   (no cloak)
rCorr    .         Harm     .   (no gloves)
MR       +....                  (no boots)
Stlth    ..........             (no amulet)
HPRegen  0.00/turn              g - ring of protection from magic
MPRegen  0.10/turn              (no ring)

@: rotting
A: rotting body, claws 1, carnivore 3, cold resistance 1, negative energy
resistance 3, inhibited regeneration, torment resistance, unbreathing
a: no special abilities


You were on level 5 of the Dungeon.
You were not hungry.

You visited 1 branch of the dungeon, and saw 6 of its levels.

You collected 28 gold pieces.

Inventory:

Missiles
 d - 5 tomahawks of dispersal (quivered)
Armour
 a - a +0 leather armour
 n - a +1 helmet (worn)
 p - a +1 chain mail of cold resistance (worn)
Jewellery
 g - a ring of protection from magic (left claw)
Wands
 t - a wand of iceblast (8/15)
Scrolls
 c - a scroll of blinking
 i - a scroll of recharging {unknown}
 j - a scroll of enchant armour {unknown}
 k - a scroll of magic mapping {unknown}
 l - a scroll of identify {unknown}
 o - a scroll of fog {unknown}
 q - a scroll of amnesia {unknown}
 r - a scroll of remove curse {unknown}
Potions
 e - 2 potions of heal wounds {unknown}
 h - 2 potions of degeneration {unknown}
 m - 2 potions of curing {unknown}
Books
 b - a book of Spatial Translocations

   Spells                             Type                      Level
   a - Blink                          Translocation                2
   b - Shroud of Golubria             Charms/Translocation         2
   c - Lesser Beckoning               Translocation                3
   d - Gell's Gravitas                Translocation                3
   e - Teleport Other                 Translocation                3
   f - Passage of Golubria            Translocation                4
Comestibles
 f - 3 meat rations
 s - a chunk of flesh


   Skills:
 - Level 2.1 Fighting
 - Level 0.8 Throwing
 - Level 0.8 Armour
 - Level 1.7 Dodging
 + Level 7.4 Unarmed Combat
 - Level 1.7 Spellcasting
 - Level 2.6 Translocations


You had 4 spell levels left.
You knew the following spells:

 Your Spells              Type           Power        Failure   Level  Hunger
a - Blink                 Tloc           N/A          98%         2    ###....
b - Shroud of Golubria    Chrm/Tloc      #.........   100%        2    ###....


Dungeon Overview and Level Annotations

Branches:
Dungeon (6/15)
 Temple: D:4-7

Altars:
Gozag
Hepliaklqana
Sif Muna
Xom

Annotations:
D:3 exclusion: door
D:4 Zsanart's ghost, novice DrTm


Innate Abilities, Weirdness & Mutations

Your body is rotting away.
You thrive on raw meat.
You are immune to poison.
You have sharp fingernails.
You are carnivorous and can eat meat at any time.
Your flesh is cold resistant. (rC+)
You are immune to negative energy. (rN+++)
You do not regenerate when monsters are visible.
You are immune to unholy pain and torment.
You can survive without breathing.


Message History

There is a stone staircase leading up here.
The centaur wields a shortbow.
The centaur shoots an arrow.
The arrow hits you!
* * * LOW HITPOINT WARNING * * *
You climb upwards.
The gnoll sergeant hits you with a trident of flaming.
* * * LOW HITPOINT WARNING * * *
The gnoll sergeant burns you.
* * * LOW HITPOINT WARNING * * *
There is a stone staircase leading down here.
Casting: Shroud of Golubria
Confirm with . or Enter, or press ? or * to list all spells.
The spell is very dangerous to cast!
Continue anyway?
Okay, then.
The gnoll sergeant hits you but does no damage.
Unknown command.
Found 8 gold pieces.
Found a fizzy golden potion and an ivory wand.
Found an escape hatch in the ceiling.
The gnoll sergeant hits you from afar with a trident of flaming.
You die...

#..# ................
#<.#
...../...........#..#
................$#..#
.................#..#
.................#..#
.................#..#
.................#..#
..<....@..g......#..#
.................#).#
.........g.......#..#
............g....#..#...
.................#..#...
.................##'#...
..!..............'..#...
...............>.#g)#...
...............#..#...


You could see a gnoll sergeant and 2 gnolls.

Vanquished Creatures
  A necrophage (D:5)
  2 hounds
  2 orc wizards (D:4)
  A jelly (D:4)
  An iguana (D:4)
  A worker ant (D:4)
  A gnoll (D:5)
  2 adders
  A worm (D:3)
  A leopard gecko (D:2)
  5 orcs
  3 giant cockroaches (D:4)
  A hobgoblin (D:1)
  4 bats
  A frilled lizard (D:1)
  A kobold (D:1)
  3 rats
31 creatures vanquished.

Notes
Turn   | Place    | Note
-------+----------+-------------------------------------------
     0 | D:1      | Lavandula the Ghoul Warper began the quest for the Orb.
     0 | D:1      | Reached XP level 1. HP: 17/17 MP: 2/2
   108 | D:2      | Reached skill level 3 in Unarmed Combat
   108 | D:2      | Reached XP level 2. HP: 24/24 MP: 3/3
   211 | D:3      | Learned a level 2 spell: Blink
   214 | D:3      | Learned a level 2 spell: Shroud of Golubria
   214 | D:3      | Found a snail-covered altar of Cheibriados.
   218 | D:3      | Found a hazy altar of Hepliaklqana.
   218 | D:3      | Found an opulent altar of Gozag.
   225 | D:3      | Found a shimmering altar of Xom.
   225 | D:3      | Found a deep blue altar of Sif Muna.
   225 | D:3      | Found a hazy altar of Hepliaklqana.
   406 | D:3      | Noticed a howler monkey
   424 | D:4      | Reached XP level 3. HP: 19/29 MP: 4/4
   436 | D:4      | Reached skill level 4 in Unarmed Combat
   439 | D:4      | Reached XP level 4. HP: 18/36 MP: 2/5
   450 | D:4      | Reached skill level 5 in Unarmed Combat
   546 | D:4      | Reached XP level 5. HP: 21/41 MP: 6/6
   566 | D:4      | Reached skill level 6 in Unarmed Combat
   855 | D:4      | Noticed Zsanart's ghost (novice DrTm)
  1194 | D:4      | Noticed an orc warrior
  1195 | D:4      | Noticed an ogre
  1203 | D:5      | Entered Level 5 of the Dungeon
  1247 | D:5      | Reached XP level 6. HP: 41/47 MP: 7/7
  1256 | D:5      | Noticed a necrophage
  1269 | D:5      | Killed a necrophage
  1269 | D:5      | Reached skill level 7 in Unarmed Combat
  1366 | D:6      | Noticed an ice beast
  1376 | D:5      | Slain by a gnoll sergeant

Vault maps used:
D:1:      minmay_arrival_loop
D:2:      lemuel_crystal_altar, lemuel_round_altar, uniq_sigmund
D:3:      doesnt_xom_only_xom, minivault_19, grunt_ashenzari_visionary
D:4:      first_bread
D:5:      vehumet_statue, serial_shops, shop
D:6:      lemuel_blue_sif_altar, bloody_trog, kennysheep_mini, minivault_4,
          kennysheep_crisscross, grunt_ministairs_2

Skill      XL: |  1  2  3  4  5  6 |
---------------+-------------------+-----
Unarmed Combat | 3 4 5 6 7 |  7.4
Fighting       | |  2.1
Throwing       | |  0.8
Armour         | |  0.8
Dodging        | |  1.7
Spellcasting   | |  1.7
Translocations | |  2.6

Action                   |  1- 3 |  4- 6 || total
-------------------------+-------+-------++-------
Melee: Unarmed           |    43 |   122 ||   165
       Punch             |     1 |     2 ||     3
 Cast: Shroud of Golubri |       |     6 ||     6
  Eat: Chunk             |     3 |    13 ||    16
Armor: Leather armour    |    10 |    20 ||    30
       Chain mail        |       |    15 ||    15
Dodge: Dodged            |    24 |    52 ||    76

Table legend:
 A = Spawn XP
 B = Non-spawn XP
 C = Spawn XP percentage of total XP
 D = Spawn monster count
 E = Non-spawn monster count
 F = Spawn count percentage of total count
 G = Total turns spent on level
                    A         B        C        D         E        F      G
               +---------+---------+-------+---------+---------+-------+---------
         Total |       0 |     483 |   0.0 |       0 |      31 |   0.0 |  1376
               +---------+---------+-------+---------+---------+-------+---------
           D:1 |       0 |       9 |   0.0 |       0 |       7 |   0.0 |   106
           D:2 |       0 |       4 |   0.0 |       0 |       2 |   0.0 |    29
           D:3 |       0 |      23 |   0.0 |       0 |       5 |   0.0 |   475
           D:4 |       0 |     270 |   0.0 |       0 |      14 |   0.0 |   593
           D:5 |       0 |     177 |   0.0 |       0 |       3 |   0.0 |   171
               +---------+---------+-------+---------+---------+-------+---------
